AoeStats
← maize

Migration

508467218Analyzed
1v1 RM · 10d ago on Sep 22, 2026· 29m 24s· 2 players
Game mode
Random Map
Map size
132×132
Population
200
Speed
Normal
Resources
Standard
Victory
Conquest
Starting age
Dark Age
Ending age
Imperial Age
RankedLock teamsTeams togetherTeam positionsShared explorationLock speedFull tech treeHidden civsTurbo modeCheats
Victory
Defeat
🇺🇸 Celts · United States
1025
+14
🇵🇪 Dravidians · Peru
977
-14
RTZ.¶Diver¶
10:48 Feudal Age
12:15 Double-Bit Axe
18:00 Fishing Lines
19:09 Loom
21:10 Loom
23:34 Castle Age
21:42 Gold Mining
22:41 Fletching
22:54 Stone Mining
23:34 Forging
25:09 Medium Warships
25:12 Pikeman
26:19 Horse Collar
maize
10:55 Feudal Age
11:34 Double-Bit Axe
13:33 Wheelbarrow
13:23 Loom
13:43 Town Watch
20:08 Castle Age
21:05 Medium Warships
23:51 Fletching
27:31 Bow Saw
28:28 Forging
30:20 Iron Casting
Connection lost

Rejoining the realm…

Still unreachable

The connection could not be restored.

Session expired

The server has moved on; the page needs a fresh start.